 Dungeon Crawl Stone Soup version 0.25-a0-435-g4b9beb1024 (webtiles) character file.

Game seed: 5160483647007887486, levelgen mode: deterministic

53 Kohma the Grave Robber (level 3, -5/19 HPs)
             Began as a Vampire Necromancer on Jan 27, 2020.
             Slain by a worm (11 damage)
             ... on level 1 of the Dungeon.
             The game lasted 00:05:51 (1525 turns).

Kohma the Grave Robber (Vampire Necromancer)        Turns: 1525, Time: 00:05:51

Health: -5/19      AC:  2    Str:  7    XL:     3   Next: 62%
Magic:  1/6        EV: 13    Int: 18    God:
Gold:   38         SH:  0    Dex: 14    Spells: 4/6 levels left

rFire    . . .     SeeInvis +   e - +0 dagger
rCold    + + .     Gourm    .   (no shield)
rNeg     + + +     Faith    .   a - +0 robe
rPois    ∞         Spirit   .   (no helmet)
rElec    .         Reflect  .   (no cloak)
rCorr    .         Harm     .   (no gloves)
MR       .....                  (no boots)
Stlth    +++++.....             (no amulet)
HPRegen  0.00/turn              (no ring)
MPRegen  0.10/turn              (no ring)

@: bloodless
A: no food, fangs 3, see invisible, unbreathing
a: Bat Form, Revivify


You were on level 1 of the Dungeon.
You were bloodless.

You visited 1 branch of the dungeon, and saw 2 of its levels.

You collected 38 gold pieces.

Inventory:

Hand Weapons
 e - a +0 dagger (weapon)
Missiles
 b - 32 sling bullets
Armour
 a - a +0 robe (worn)
Jewellery
 q - a +5 ring of intelligence {unknown}
Wands
 l - a wand of polymorph (10)
Scrolls
 d - a scroll of fear {unknown}
 f - a scroll of identify {unknown}
 g - a scroll of teleportation {unknown}
 h - a scroll of enchant weapon {unknown}
 j - a scroll of immolation {unknown}
 k - 2 scrolls of fog {unknown}
 m - a scroll of enchant armour {unknown}
 p - a scroll of magic mapping {unknown}
Potions
 c - a potion of heal wounds {unknown}
 i - a potion of berserk rage {unknown}
 n - a potion of might {unknown}
 o - a potion of degeneration {unknown}


   Skills:
 + Level 2.8 Dodging
 + Level 3.9 Stealth
 + Level 2.4 Spellcasting
 * Level 5.0 Necromancy


You had 4 spell levels left.
You knew the following spells:

 Your Spells              Type           Power        Failure   Level  Hunger
a - Pain                  Necr           ###.         2%          1    N/A
b - Animate Skeleton      Necr           N/A          2%          1    N/A

Your spell library contained the following spells:

 Spells                   Type           Power        Failure   Level  Hunger
 Vampiric Draining        Necr           ###.......   7%          3    N/A
 Animate Dead             Necr           N/A          22%         4    N/A
 Agony                    Necr           ###.....     52%         5    N/A

Dungeon Overview and Level Annotations

Branches:
Dungeon (2/15)

Altars:


Innate Abilities, Weirdness & Mutations

You do not eat.
You do not regenerate when monsters are visible.
You are frail without blood (-20% HP).
You can heal yourself when you bite living creatures.
You are immune to poison.
You have razor-sharp teeth.
You have supernaturally acute eyesight. (SInv)
You can survive without breathing.


Message History

Confirm with . or Enter, or press ? or * to list all spells.
Aiming: Pain (safe; 2% risk of failure)
Press: ? - help, Shift-Dir - straight line, f/p - worm
Aim: a worm (moderately wounded, chance to defeat MR: 85%)
The worm writhes in agony.
The worm bites you!
Ouch! That really hurt!
Casting: Pain (safe; 2% risk of failure)
Confirm with . or Enter, or press ? or * to list all spells.
Aiming: Pain (safe; 2% risk of failure)
Press: ? - help, Shift-Dir - straight line, f/p - worm
Aim: a worm (heavily wounded, chance to defeat MR: 85%)
The worm writhes in agony.
Casting: Pain (safe; 2% risk of failure)
Confirm with . or Enter, or press ? or * to list all spells.
Aiming: Pain (safe; 2% risk of failure)
Press: ? - help, Shift-Dir - straight line, f/p - worm
Aim: a worm (severely wounded, chance to defeat MR: 85%)
The worm writhes in agony.
The worm bites you!
Ouch! That really hurt!
You die...

###...........#......#..#.##.....
#...........#..#####..........#
#...........#...........##.....
#...........#..######..........
#...........#..######....#.##.#
#.8..8.8..8.#..........#.#.#...
#...÷...÷÷..#..###.###.#.#.##..
#...÷.......#..###.###.#.#.##..
#.8..8.8..8.#.@w.......#.#.....
#...........#.####.#####.......
#...........#.# #.# #.####..
#♣♣♣♣...♣♣♣♣#.####.#####.......
♣♣♣♣♣ #..................
#..###.###.#.#####.
#..###..##.#.# #...
#.......##.#.# ###.
#..####.##.#.####..


You could see a worm.

Vanquished Creatures
  An adder (D:2)
  A dart slug (D:1)
  2 leopard geckos (D:1)
  A ball python (D:1)
  2 giant cockroaches
  9 goblins
  3 jackals (D:1)
  7 bats
  A frilled lizard (D:1)
  A kobold (D:1)
  5 rats
33 creatures vanquished.

Vanquished Creatures (collateral kills)
  2 dart slugs (D:1)
2 creatures vanquished.

Grand Total: 35 creatures vanquished

Notes
Turn   | Place    | Note
-------+----------+-------------------------------------------
     0 | D:1      | Kohma the Vampire Necromancer began the quest for the Orb.
     0 | D:1      | Reached XP level 1. HP: 13/13 MP: 3/3
   386 | D:1      | Reached XP level 2. HP: 15/15 MP: 3/5
   389 | D:1      | Learned a level 1 spell: Animate Skeleton
   707 | D:1      | Reached XP level 3. HP: 15/19 MP: 1/6
  1125 | D:2      | Reached skill level 5 in Necromancy
  1525 | D:1      | Slain by a worm

Levels and vault maps discovered:
D:1:      giann_forest_graveyard, layout_basic
D:2:      layout_rooms, nrook_campfire, minmay_bisected

Skill      XL: |  1  2  3 |
---------------+----------+-----
Necromancy     | 5 |  5.0
Dodging        | |  2.8
Stealth        | |  3.9
Spellcasting   | |  2.4

Action                   || total
-------------------------++-------
Melee: Dagger            ||    10
 Cast: Pain              ||    66
       Animate Skeleton  ||    15
 Abil: Exsanguinate      ||     1
Armor: Robe              ||    15
Dodge: Dodged            ||    29

Table legend:
 A = Non-vault XP
 B = Vault XP
 C = Vault XP percentage of total XP
 D = Non-vault monster count
 E = Vault monster count
 F = Vault count percentage of total count
                 A         B        C        D         E       F
            +---------+---------+-------+---------+---------+-------
      Total |      59 |      17 |  22.4 |      32 |       3 |   8.6
            +---------+---------+-------+---------+---------+-------
        D:1 |      49 |       0 |   0.0 |      26 |       0 |   0.0
        D:2 |      10 |      17 |  63.0 |       6 |       3 |  33.3
            +---------+---------+-------+---------+---------+-------
